 Dungeon Crawl Stone Soup version 0.29.1-15-g9cfb28693d (webtiles) character file.

Game seed: 9954331884083707123

32 leafyfresh the Sneak (level 3, -9/26 HPs)
             Began as an Octopode Delver on Mar 10, 2023.
             Mangled by an ice beast (12 damage)
             ... on level 6 of the Dungeon.
             The game lasted 00:01:42 (583 turns).

leafyfresh the Sneak (Octopode Delver)               Turns: 583, Time: 00:01:42

Health: -9/26      AC:  1    Str: 11    XL:     3   Next: 25%
Magic:  3/3        EV: 14    Int: 14    God:
Gold:   39         SH:  0    Dex: 19    Spells: 2/2 levels left

rFire   . . .      SeeInvis .   a - +0 short sword
rCold   . . .      Faith    .   (no shield)
rNeg    . . .      Spirit   .   (helmet restricted)
rPois   .          Reflect  .   (no amulet)
rElec   .          Harm     .   h - +6 ring of dexterity
rCorr   .          Rampage  .   j - ring of wizardry
Will    .....                   (no ring)
Stlth   +++++.....              (no ring)
HPRegen 0.08/turn               (no ring)
MPRegen 0.08/turn               (no ring)
                                (no ring)
                                (no ring)

@: hasted, very quick
A: almost no armour, amphibious, 8 rings, camouflage 1, gelatinous body 1,
(nimble swimmer 1), tentacles
a: no special abilities


You were on level 6 of the Dungeon.
You visited 2 branches of the dungeon, and saw 5 of its levels.

You collected 39 gold pieces.

Inventory:

Hand Weapons
 a - a +0 short sword (weapon)
Jewellery
 h - a +6 ring of dexterity (left tentacle)
 j - a ring of wizardry (right tentacle)
Wands
 f - a wand of digging (3)
Scrolls
 b - a scroll of fog
 c - a scroll of magic mapping
 d - a scroll of fear
 i - a scroll of identify {unknown}
 k - a scroll of blinking {unknown}
 l - 3 scrolls of vulnerability {unknown}
 m - a scroll of noise {unknown}
Potions
 g - a potion of curing {unknown}


   Skills:
 + Level 3.4 Fighting
 - Level 2.0 Short Blades
 + Level 2.6 Dodging
 + Level 7.0 Stealth


You had 2 spell levels left.
You didn't know any spells.
Your spell library contained the following spells:

 Spells                   Type           Power      Damage    Failure   Level
 Magic Dart               Conj           0%         1d3       12%         1
 Searing Ray              Conj           0%         2d4       17%         2
 Fulminant Prism          Conj/Hex       0%         3d6       71%         4


Dungeon Overview and Level Annotations

Branches:
Dungeon (7/15)             Temple (1/1) D:5

Altars:
Cheibriados
Elyvilon
Fedhas
Gozag
Hepliaklqana
Kikubaaqudgha
Makhleb
Nemelex Xobeh
Okawaru
Qazlal
Sif Muna
Uskayaw
Vehumet
Wu Jian
Xom
Yredelemnul
Zin
The Shining One


Innate Abilities, Weirdness & Mutations

You cannot wear most types of armour.
You are amphibious.
You can wear up to eight rings at the same time.
Your skin changes colour to match your surroundings (Stealth+).
Your rubbery body absorbs attacks. (AC +1, EV +1)
((You are camouflaged when in or above water. (Stealth+)))
You have tentacles for arms and can constrict up to eight enemies at once.


Message History

You impale the iguana!!
You kill the iguana!
Your Stealth skill increases to level 7!
You have reached level 2!
You have reached level 3!
Your experience leads to an increase in your attributes!
Your base attributes are Str 11, Int 12, Dex 13.
Increase (S)trength, (I)ntelligence, or (D)exterity?
You feel clever. x2
Unknown command.
There is a stone staircase leading up here.
Unknown command.
An orc comes into view. It is wielding a +0 hand axe.
There is a stone staircase leading up here.
You climb upwards.
Found 4 stones and 13 gold pieces.
There is a stone staircase leading down here.
An ice beast is nearby!
An ice beast is nearby!
Unknown command.
Found a runed peridot ring.
You open the door.
Found 3 stones and 2 scrolls labelled YCUITYKKUO.
There is an open door here.
The ice beast attacks as you move away! The ice beast barely misses you.
The ice beast attacks as you move away! The ice beast hits you.
The ice beast freezes you! The ice beast attacks as you move away!
The ice beast hits you but does no damage.
The ice beast attacks as you move away!
The ice beast hits you but does no damage.
A phantom comes into view.
The ice beast attacks as you move away! The ice beast hits you.
The ice beast freezes you!
Ouch! That really hurt!
* * * LOW HITPOINT WARNING * * *
You feel yourself speed up. The ice beast hits you.
* * * LOW HITPOINT WARNING * * *
The ice beast freezes you!
You die...

........#######.......#
....W...#.....#.......#
........#.....#.......#
........#.....#..=....#
........#.....#.......##
........#.....#.......##
........#.....#.......##
.......@Y.....'.........
........#.....#.......##
#########(....######.###
#.....# #.# # #?....#
... #.....# #....
####### #..... ##.##. .


You could see an ice beast and a phantom.

Vanquished Creatures
  An iguana (D:7)
  2 orcs
3 creatures vanquished.

Notes
Turn   | Place    | Note
-------+----------+-------------------------------------------
     0 | D:5      | leafyfresh the Octopode Delver began the quest for the Orb.
     0 | D:5      | Reached XP level 1. HP: 16/16 MP: 1/1
    86 | D:5      | Noticed a scorpion
    97 | D:5      | Found a staircase to the Ecumenical Temple.
   102 | Temple   | Entered the Ecumenical Temple
   502 | D:4      | You fall into a shaft and drop 3 floors!
   506 | D:7      | Noticed a scorpion
   536 | D:7      | Noticed an iguana
   551 | D:7      | Noticed an orc priest
   553 | D:7      | Killed an iguana
   554 | D:7      | Reached skill level 7 in Stealth
   554 | D:7      | Reached XP level 2. HP: 21/21 MP: 2/2
   554 | D:7      | Reached XP level 3. HP: 26/26 MP: 3/3
   561 | D:6      | Noticed an ice beast
   581 | D:6      | Noticed a phantom
   583 | D:6      | Mangled by an ice beast

Illustrated notes

Levels and vault maps discovered:
D:4:      layout_basic, uniq_robin
D:5:      layout_basic, mainiacjoe_overflow_boulevard, temple_doors_e,
          uniq_menkaure
D:6:      layout_basic, amcnicky_altar_lugonu_corruption, uniq_pikel
D:7:      kennysheep_spiral_hall, layout_basic, lemuel_coloured_pillars_altar
Temple:   regret_index_temple_mists

Skill      XL: |  1 |
---------------+----+-----
Stealth        | 7 |  7.0
Fighting       | |  3.4
Short Blades   | |  2.0
Dodging        | |  2.6

Action                   || total
-------------------------++-------
Melee: Short sword       ||     3
  Use: Potion            ||     1
 Stab: Sleeping          ||     3
Armor: Skin              ||     2
Dodge: Dodged            ||     1
